General information
- name: grudge
- type: Custom game
- host: TIMG4STRok
- saver: TIMG4STRok
map: EchoIsles
- players: 3
- length: 10:44
- speed: Fast
- version: 1.23 W3XP
- replay type:

» download(49 KB)
Players
team 1 (winner)
TIMG4STRok (
gray | 156 APM | 1678 actions | 10:44)
3 Demon Hunter
2 Mana Burn
1 Evasion
2 Pandaren Brewmaster
1 Breath of Fire
1 Drunken Brawler
» actions
| Assign group hotkey | 19 | |
| Basic commands | 24 | |
| Build / train | 39 | |
| Enter build submenu | 11 | |
| Enter hero's abilities submenu | 5 | |
| Right click | 942 | |
| Select / deselect | 124 | |
| Select group hotkey | 470 | |
| Use ability | 44 | |
1678 total
» units
| Wisp | 12 | |
| Archer | 5 | |
| Dryad | 4 | |
| Druid of the Claw | 2 | |
23 total
» upgrades
| Abolish Magic | 1 | |
| Druid of the Claw Training | 1 | |
2 total
» buildings
| Altar of Elders | 1 | |
| Moon Well | 4 | |
| Ancient of War | 1 | |
| Tree of Ages | 1 | |
| Hunter's Hall | 1 | |
| Ancient of Lore | 2 | |
| Ancient of Wonders | 1 | |
| Tree of Eternity | 1 | |
12 total
» build order
00:04 Altar of Elders
00:21 Moon Well
00:49 Ancient of War
01:38 Moon Well
02:35 Tree of Ages
03:16 Hunter's Hall
03:24 Moon Well
05:05 Ancient of Lore
05:12 Ancient of Lore
05:59 Moon Well
06:01 Ancient of Wonders
08:48 Tree of Eternity
» items
| Staff of Preservation | 1 | |
| Potion of Healing | 2 | |
| Moonstone | 1 | |
4 total
team 2 (loser)

»
66Dragon6 (
green | 145 APM | 1557 actions | 10:43)
4 Archmage
2 Summon Water Elemental
2 Brilliance Aura
» actions
| Assign group hotkey | 23 | |
| Basic commands | 59 | |
| Build / train | 52 | |
| ESC pressed | 1 | |
| Enter build submenu | 18 | |
| Enter hero's abilities submenu | 4 | |
| Right click | 797 | |
| Select / deselect | 199 | |
| Select group hotkey | 359 | |
| Use ability | 45 | |
1557 total
» units
| Peasant | 19 | |
| Footman | 12 | |
| Forest Troll Shadow Priest | 2 | |
| Forest Troll Berserker | 2 | |
| Ogre Mauler | 1 | |
36 total
» buildings
| Altar of Kings | 2 | |
| Barracks | 1 | |
| Farm | 5 | |
| Scout Tower | 7 | |
| Arcane Tower | 1 | |
| Lumber Mill | 1 | |
| Guard Tower | 3 | |
| Town Hall | 1 | |
| Keep | 1 | |
| Arcane Vault | 1 | |
23 total
» build order
00:04 Altar of Kings
00:05 Altar of Kings
00:20 Barracks
00:34 Farm
00:49 Farm
01:40 Farm
01:42 Farm
01:51 Scout Tower
02:28 Arcane Tower
03:23 Farm
03:34 Lumber Mill
04:32 Scout Tower
04:33 Scout Tower
04:51 Scout Tower
05:10 Guard Tower
05:12 Scout Tower
05:18 Guard Tower
05:45 Town Hall
06:17 Scout Tower
06:17 Scout Tower
06:59 Guard Tower
07:32 Keep
08:07 Arcane Vault
» items
| Boots of Speed | 1 | |
| Dust of Appearance | 1 | |
| Scroll of Regeneration | 1 | |
| Lesser Clarity Potion | 1 | |
4 total
observersFiar Chat log
(00:08 / All) TIMG4STRok: so whos playing this account
(00:12 / All) TIMG4STRok: you got 150 apm last game
(00:15 / All) 66Dragon6: me
(00:30 / All) 66Dragon6: ok I give Zith)
(00:33 / All) TIMG4STRok: i forgot elf build for a sec how embarrassing
(10:37 / All) 66Dragon6: gg
(10:42 / All) TIMG4STRok: bye